 Dungeon Crawl Stone Soup version 0.27-a0-1590-g15f69828bf (webtiles) character file.

Game seed: 1185942577530021295

1006 Aviak the Ducker (level 8, -5/59 HPs)
             Began as a Djinni Conjurer on July 18, 2021.
             Slain by a wyvern (6 damage)
             ... on level 5 of the Dungeon.
             The game lasted 00:05:30 (5478 turns).

Aviak the Ducker (Djinni Conjurer)                  Turns: 5478, Time: 00:05:31

Health: -5/59      AC:  4    Str:  6    XL:     8   Next: 44%
Gold:   207        EV: 12    Int: 23    God:
                   SH:  0    Dex: 11

rFire    + + .     SeeInvis .   d - +2 trident (freeze)
rCold    x . .     Faith    .   (no shield)
rNeg     . . .     Spirit   .   g - +0 leather armour
rPois    ∞         Reflect  .   m - +0 helmet
rElec    .         Harm     .   (no cloak)
rCorr    .         Rampage  .   (no gloves)
Will     .....                  (boots unavailable)
Stlth    +.........             (no amulet)
HPRegen  0.19/turn              (no ring)
MPRegen  0.00/turn              (no ring)

@: weak-willed, flying
A: sickness immunity, fire resistance 2, cold vulnerability 1, float, innate
caster, hp casting, extra vitality 1
a: no special abilities


You were on level 5 of the Dungeon.
You visited 1 branch of the dungeon, and saw 5 of its levels.

You collected 207 gold pieces.

Inventory:

Hand Weapons
 d - a +2 trident of freezing (weapon)
 o - a +3 short sword
Armour
 g - a +0 leather armour (worn)
 m - a +0 helmet (worn)
Wands
 p - a wand of polymorph (7)
 q - a wand of acid (4)
Scrolls
 b - 4 scrolls of teleportation {unknown}
 h - 5 scrolls of enchant armour {unknown}
 i - 2 scrolls of identify
 k - a scroll of noise {unknown}
 l - a scroll of enchant weapon {unknown}
Potions
 c - a potion of lignification {!q}
 f - a potion of haste
 j - a potion of mutation {unknown}
 n - a potion of invisibility {unknown}
 r - a potion of attraction {unknown}


   Skills:
 + Level 5.1 Fighting
 - Level 5.3 Dodging
 - Level 1.5 Stealth
 + Level 5.2 Spellcasting
 + Level 2.5 Evocations


You couldn't memorise any spells.
You knew the following spells:

 Your Spells              Type           Power      Damage    Failure   Level
a - Magic Dart            Conj           100%       1d8       1%          1
b - Searing Ray           Conj           60%        3d5       2%          2
c - Dazzling Flash        Conj/Hex       60%        N/A       4%          3
d - Fulminant Prism       Conj/Hex       15%        3d11      17%         4
e - Iskenderun's Mystic   Conj/Tloc      30%        2d8       17%         4
f - Sting                 Tmut/Pois      100%       1d8       1%          1
g - Blink                 Tloc           N/A        N/A       2%          2
h - Ozocubu's Armour      Ice            30%        N/A       4%          3
Your spell library was empty.

Dungeon Overview and Level Annotations

Branches:
Dungeon (5/15)
 Temple: D:4-7

Altars:
Gozag


Innate Abilities, Weirdness & Mutations

You are immune to sickness and miasma.
You are immune to poison.
Your flesh is very heat resistant. (rF++)
You are vulnerable to cold. (rC-)
You float through the air rather than walking.
You learn spells naturally, not from books.
Your magical power is your life essence.
You have superior vitality. (+4 HP)


Message History

Press: ? - help, Shift-Dir - straight line, f - howler monkey
Aim: a howler monkey (77% to hit)
The searing ray hits the howler monkey!
The howler monkey is heavily wounded. (Press . to maintain the ray.)
The howler monkey hoots and howls with incredible vigour!
The searing ray hits the howler monkey!
The howler monkey is almost dead.
The howler monkey hits you.
The searing ray hits the howler monkey!
You kill the howler monkey!
You see here a howler monkey corpse.
A hound comes into view.
A hound is nearby!
A wyvern comes into view.
The wyvern hisses angrily.
The hound barks!
You see here a howler monkey corpse.
The wyvern bites you!
Okay, then.
Casting: Searing Ray (safe; 2% risk of failure)
Confirm with . or Enter, or press ? or * to list all spells.
Okay, then.
Casting: Searing Ray (safe; 2% risk of failure)
Confirm with . or Enter, or press ? or * to list all spells.
The wyvern is dazzled.
The wyvern bites you! The wyvern barely misses you.
You hit the wyvern but do no damage. The wyvern bites you!
* * * LOW HITPOINT WARNING * * *
The wyvern bites you!
* * * LOW HITPOINT WARNING * * *
Okay, then.
As you read the scroll labelled SEODIMP GUIRYOC, it crumbles to dust.
Magic quickly surges around you.
It was a scroll of vulnerability.
The wyvern barely misses you.
As you read the scroll labelled COANOI IGRIDAL, it crumbles to dust.
It is a scroll of identify.
f - a potion of haste;
i - 2 scrolls of identify
h - 5 scrolls labelled JAFAFOQEITS The wyvern is no longer blind.
The wyvern bites you.
You die...

#.# #####.....###.#.# #.#
#.###...........#.#.# #.#
#.....#####..##.#.#.###.#
####### #..##.........#
#.........#####
#.#####†### #.#####.#
#.......# #@####### #l# #
#h######...# #........#
#..#####...# #....# #
#.?... #.....# #..###.


You could see a wyvern (weak-willed) and a hound (weak-willed).

Vanquished Creatures
  A troll (D:5)
  Sigmund (D:5)
  A black bear (D:3)
  2 scorpions (D:5)
  A howler monkey (D:5)
  A centaur zombie (D:5)
  A hound (D:5)
  3 iguanas
  3 orc wizards (D:3)
  A hound skeleton (D:4)
  5 adders
  A shadow imp (D:5)
  A worm (D:2)
  A dart slug (D:5)
  14 orcs
  11 endoplasms
  8 giant cockroaches
  6 goblins
  5 hobgoblins
  6 kobolds
  4 quokkas
  9 ball pythons
  2 bats (D:3)
  2 frilled lizards (D:1)
  4 rats (D:1)
94 creatures vanquished.

Notes
Turn   | Place    | Note
-------+----------+-------------------------------------------
     0 | D:1      | Aviak the Djinni Conjurer began the quest for the Orb.
     0 | D:1      | Reached XP level 1. HP: 15/15 MP: 0/0
   249 | D:1      | Reached XP level 2. HP: 21/22 MP: 0/0
   510 | D:1      | Reached skill level 1 in Fighting
   836 | D:1      | Reached XP level 3. HP: 24/27 MP: 0/0
   836 | D:1      | Learned a level 1 spell: Sting
  1901 | D:2      | Reached XP level 4. HP: 20/32 MP: 0/0
  2170 | D:2      | Found an opulent altar of Gozag.
  2679 | D:3      | Reached XP level 5. HP: 33/38 MP: 0/0
  2679 | D:3      | Learned a level 2 spell: Blink
  3090 | D:3      | Noticed a black bear
  3100 | D:3      | Killed a black bear
  3101 | D:3      | Reached XP level 6. HP: 24/46 MP: 0/0
  4244 | D:4      | Reached XP level 7. HP: 43/50 MP: 0/0
  4244 | D:4      | Learned a level 3 spell: Ozocubu's Armour
  4812 | D:5      | Entered Level 5 of the Dungeon
  4846 | D:5      | Noticed a troll
  4855 | D:5      | Killed a troll
  4856 | D:5      | Reached skill level 5 in Dodging
  5054 | D:5      | Noticed Sigmund
  5060 | D:5      | Killed Sigmund
  5061 | D:5      | Reached skill level 1 in Evocations
  5061 | D:5      | Reached XP level 8. HP: 58/58 MP: 0/0
  5063 | D:5      | Reached skill level 5 in Spellcasting
  5284 | D:5      | Reached skill level 5 in Fighting
  5467 | D:5      | Noticed a wyvern
  5476 | D:5      | HP: 1/59 [wyvern (10)]
  5478 | D:5      | Slain by a wyvern

Illustrated notes

Levels and vault maps discovered:
D:1:      scummos_arrival_simple_fountains, layout_basic, serial_glass,
          glass_columns_b, glass_columns_a, minmay_pentomino_z2
D:2:      layout_basic, basic_altar, minmay_misc_feat_more_columns
D:3:      layout_loops_ring
D:4:      layout_loops_ring
D:5:      layout_loops_corners, uniq_sigmund

Skill      XL: |  1  2  3  4  5  6  7  8 |
---------------+-------------------------+-----
Fighting       | 1 2 3 4 5 |  5.1
Dodging        | 3 4 5 |  5.3
Spellcasting   | 4 5 |  5.2
Evocations     | 1 2 |  2.5
Stealth        | |  1.5

Action                   |  1- 3 |  4- 6 |  7- 9 || total
-------------------------+-------+-------+-------++-------
Melee: Unarmed           |     1 |       |       ||     1
       Trident           |       |    69 |    36 ||   105
       Short sword       |       |     3 |       ||     3
 Cast: Magic Dart        |    54 |    22 |       ||    76
       Searing Ray       |     5 |     9 |     4 ||    18
       Dazzling Flash    |       |       |     1 ||     1
Evoke: Wand              |       |       |     6 ||     6
  Use: Potion            |       |     2 |       ||     2
       Scroll            |       |       |     2 ||     2
 Stab: Sleeping          |       |     2 |       ||     2
Armor: Robe              |     2 |       |       ||     2
       Leather armour    |     3 |    18 |    19 ||    40
       Skin              |       |     2 |       ||     2
Dodge: Dodged            |     7 |    46 |    41 ||    94

Table legend: (Time is in decaauts)
 A = Elapsed time spent in this place.
 B = Non-inter-level travel time spent in this place.
 C = Inter-level travel time spent in this place.
 D = Time resting spent in this place.
 E = Time spent auto-exploring this place.
 F = Levels seen in this place.
 G = Mean time per level.
                   A        B        C        D        E       F      G
               +--------+--------+--------+--------+--------+-----+--------+
         Total |   5507 |   5415 |     92 |    242 |   4618 |   5 | 1101.4 |
       Dungeon |   5507 |   5415 |     92 |    242 |   4618 |   5 | 1101.4 |
               +--------+--------+--------+--------+--------+-----+--------+

Top non-repeatable levels by time:
     D:1: 1730 daAuts
     D:3: 1439 daAuts
     D:2: 941 daAuts
     D:4: 723 daAuts
     D:5: 673 daAuts
